 Dungeon Crawl Stone Soup version 0.28.0-43-g3370ac3207 (webtiles) character file.

Game seed: 7068360212248032418

190 Faeu the Skirmisher (level 5, -2/47 HPs)
             Began as a Minotaur Fighter on Mar 21, 2022.
             Was a Believer of Cheibriados.
             Slain by a gnoll
             ... wielding a +0 halberd of venom
              (7 damage)
             ... on level 3 of the Dungeon.
             The game lasted 00:13:51 (2239 turns).

Faeu the Skirmisher (Minotaur Fighter)              Turns: 2239, Time: 00:13:51

Health: -2/47      AC: 14    Str: 28    XL:     5   Next: 41%
Magic:  4/4        EV:  9    Int: 10    God:    Cheibriados [**....]
Gold:   77         SH:  5    Dex: 14    Spells: 4/4 levels left

rFire   . . .      SeeInvis .   j - +2 mace (protect) {mace}
rCold   . . .      Faith    .   c - +0 buckler
rNeg    . . .      Spirit   .   b - +0 scale mail
rPois   .          Reflect  .   (helmet restricted)
rElec   .          Harm     .   (no cloak)
rCorr   .          Rampage  .   (no gloves)
Will    .....                   (no boots)
Stlth   ..........              (no amulet)
HPRegen 0.15/turn               (no ring)
MPRegen 0.09/turn               (no ring)

@: lethally poisoned (-2 -> -10), under a protective aura, very slow
A: horns 2, retaliatory headbutt
a: Renounce Religion, Bend Time


You were on level 3 of the Dungeon.
You worshipped Cheibriados.
Cheibriados was pleased with you.
You visited 1 branch of the dungeon, and saw 3 of its levels.

You collected 77 gold pieces.


Innate Abilities, Weirdness & Mutations

You have a pair of horns on your head.
You reflexively headbutt those who attack you in melee.


   Skills:
 + Level 4.9 Fighting
 + Level 4.0 Long Blades
 + Level 4.8 Armour
 + Level 4.8 Shields


You had 4 spell levels left.
You didn't know any spells.
Your spell library contained the following spells:

 Spells                   Type           Power      Damage    Failure   Level
 Shock                    Conj/Air       0%         1d3       71%         1
 Confusing Touch          Hex            0%         N/A       97%         3
 Yara's Violent Unravell  Hex/Tmut       0%         3d3       100%        5
 Enfeeble                 Hex            0%         N/A       100%        7

Inventory:

Hand Weapons
 a - a +0 long sword {long}
 f - a +1 vorpal war axe {axe}
   (You found it on level 1 of the Dungeon)
 g - a +1 war axe of electrocution {axe}
   (You found it on level 1 of the Dungeon)
 j - a +2 mace of protection (weapon) {mace}
   (You took it off Terence on level 2 of the Dungeon)
 n - a +2 flail of protection {mace}
   (You took it off an orc on level 2 of the Dungeon)
Missiles
 q - 3 boomerangs (quivered) {throwing}
Armour
 b - a +0 scale mail (worn)
 c - a +0 buckler (worn)
Wands
 r - a wand of flame (25)
   (You took it off a hobgoblin on level 3 of the Dungeon)
Scrolls
 e - 2 scrolls of identify {unknown}
 h - a scroll of blinking {unknown}
 i - a scroll of fog {unknown}
 p - a scroll of magic mapping {unknown}
Potions
 d - a potion of might
 k - a potion of cancellation {unknown}
 l - a potion of curing {unknown}
 m - a potion of attraction {unknown}
 o - a potion of lignification {unknown}

Dungeon Overview and Level Annotations

Branches:
Dungeon (3/15)

Altars:
Cheibriados

###.####.#### .. .##.##......#
#.# ######
....##.#.##.######.###....
.#..##.#.##........##...####..#
...)...........##..........#..#
##)###.#.##..#.##.#...........#
...# #....)..#.............#..
#### #.#..#).####............#
#.##.#..).)@g..#...###..#
#.##.##.#####.##...###..#
#.......# #.####......#
####.#### #.# #####.##
#.....### ... #.# #.(.....# ...
#.# #.##..#.# .... #.#
#.#...#.# ..... #.# #.#.#.#.#
###.#


You could see a gnoll.


Message History

😕 HP[+1] 😕 HP[+1] 😕 HP[+1] 😕 HP[+1]
Found a stone staircase leading up. 😎 HP[+6]
There is a stone staircase leading up here.
An endoplasm comes into view.
The endoplasm quivers.
The endoplasm freezes you.
You are frozen. 😕 HP[-2]
You take 2 damage, and now have 45/47 hp.
You hit the endoplasm.
Your weapon exudes an aura of protection.
The endoplasm freezes you.
You are frozen. 😕 HP[-4]
You take 4 damage, and now have 41/47 hp.
You thump the endoplasm!
You kill the endoplasm!
Cheibriados thoroughly appreciates the change of pace.
Cheibriados raises the support of your attributes as your movement slows. 😕 HP[+1] 😕 HP[+1] 😕 HP[+1] 😕 HP[+1] 😕 HP[+1]
A gnoll comes into view. It is wielding a +3 halberd.
The gnoll shouts!
You see here a +1 dagger of electrocution {short}. 😎 HP[+1]
A gnoll comes into view. It is wielding a +0 halberd of venom.
The gnoll shouts!
The gnoll moves out of view.
A gnoll comes into view. It is wielding a +0 flail.
The gnoll shouts!
The gnoll barely misses you. The gnoll barely misses you.
You see here a +1 dagger of electrocution {short}.
You block the gnoll's attack.
You closely miss the gnoll. You block the gnoll's attack.
The gnoll hits you with a +0 flail. You block the gnoll's attack. 😕 HP[-3]
You take 3 damage, and now have 44/47 hp.
You closely miss the gnoll. The gnoll closely misses you.
The gnoll hits you from afar with a +3 halberd. 😕 HP[-6]
You take 6 damage, and now have 38/47 hp.
You barely miss the gnoll. The gnoll hits you but does no damage.
The gnoll hits you from afar with a +3 halberd!
The gnoll barely misses you. You furiously retaliate!
You headbutt the gnoll. 😮 HP[-8]
You take 8 damage, and now have 30/47 hp.
You closely miss the gnoll. You headbutt the gnoll!
You kill the gnoll!
Cheibriados appreciates the change of pace.
The gnoll closely misses you. x2
The gnoll hits you with a +3 halberd!
* * * LOW HITPOINT WARNING * * *
You block the gnoll's attack.
Things that are here:
a +0 flail {mace}; a gnoll corpse; 😨 HP[-10]
You take 10 damage, and now have 20/47 hp.
MASSIVE DAMAGE!! (PAUSE)
You hit the gnoll.
Your weapon exudes an aura of protection.
The gnoll barely misses you. You furiously retaliate!
You headbutt the gnoll. The gnoll barely misses you.
The gnoll hits you but does no damage. x2
You are poisoned. 😨 HP[+1]
You sock the gnoll!
You kill the gnoll!
Cheibriados appreciates the change of pace.
You feel very sick.
The gnoll hits you from afar with a +0 halberd of venom.
* * * LOW HITPOINT WARNING * * *
You are lethally poisoned!
Your Long Blades skill increases to level 4! 😨 HP[-6]
You take 6 damage, and now have 15/47 hp.
* * * LOW HITPOINT WARNING * * *
You feel very sick. You block the gnoll's attack. The gnoll closely misses you.
Things that are here:
a +3 halberd {polearm}; 3 scrolls labelled WIPICI OSURUJU; a +0 club {mace} 😱 HP[-4]
You take 4 damage, and now have 11/47 hp.
You closely miss the gnoll.
* * * LOW HITPOINT WARNING * * *
You feel very sick. The gnoll barely misses you. You furiously retaliate!
You headbutt the gnoll! 😱 HP[-3]
You take 3 damage, and now have 8/47 hp.
You hit the gnoll but do no damage.
* * * LOW HITPOINT WARNING * * *
You feel very sick. The gnoll barely misses you.
The gnoll hits you with a +0 halberd of venom!
You die...

Skill      XL: |  1  2  3  4  5 |
---------------+----------------+-----
Fighting       | 4 |  4.9
Shields        | 4 |  4.8
Armour         | 4 |  4.8
Long Blades    | 3 4 |  4.0

Action                   |  1- 3 |  4- 6 || total
-------------------------+-------+-------++-------
Melee: Long sword        |    33 |       ||    33
       Headbutt          |    11 |    12 ||    23
       War axe           |    39 |    32 ||    71
       Mace              |       |    57 ||    57
Throw: Boomerang         |       |     3 ||     3
Armor: Scale mail        |    30 |    35 ||    65
Dodge: Dodged            |    35 |    67 ||   102
Block: Buckler           |    14 |    20 ||    34

Levels and vault maps discovered:
D:1:      dpeg_arrival_long_road, layout_basic, hangedman_decor_push
D:2:      layout_rooms, shapermc_ecumenical_altar_rom_forum, uniq_terence
D:3:      layout_loops_cross

Notes
Turn   | Place    | Note
-------+----------+-------------------------------------------
     0 | D:1      | Faeu the Minotaur Fighter began the quest for the Orb.
     0 | D:1      | Reached XP level 1. HP: 19/19 MP: 0/0
     0 | D:1      | magus.rc [v1.9.6]
    16 | D:1      | magus.rc [v1.9.6]
   192 | D:1      | Reached XP level 2. HP: 26/27 MP: 1/1
   221 | D:1      | You pick up a book of Misfortune and begin reading...
   221 | D:1      | You add the spells Confusing Touch, Yara's Violent
                  | Unravelling and Enfeeble to your library.
   406 | D:1      | Reached skill level 4 in Fighting
   570 | D:1      | Reached skill level 4 in Shields
   725 | D:1      | Reached skill level 4 in Armour
   734 | D:1      | Reached skill level 3 in Long Blades
   737 | D:1      | Reached XP level 3. HP: 27/33 MP: 2/2
  1051 | D:2      | Reached XP level 4. HP: 41/41 MP: 3/3
  1205 | D:2      | Noticed Terence
  1211 | D:2      | Killed Terence
  1398 | D:2      | Found a faded altar of an unknown god.
  1450 | D:2      | Got Plato's Volume of Battle Magic
  1528 | D:2      | Prayed at the altar of an unknown god.
  1528 | D:2      | Became a worshipper of Cheibriados the Contemplative
  1528 | D:2      | Reached * piety under Cheibriados
  1834 | D:3      | Reached XP level 5. HP: 44/47 MP: 4/4
  1895 | D:3      | Reached ** piety under Cheibriados
  2237 | D:3      | Reached skill level 4 in Long Blades
  2237 | D:3      | HP: 11/47 [poisoned by a gnoll]
  2239 | D:3      | HP: 5/47 [poisoned by a gnoll]
  2239 | D:3      | Slain by a gnoll

Vanquished Creatures
  Terence (D:2)
  2 gnolls (D:3)
  3 adders
  A white imp (D:3)
  2 worms
  A dart slug (D:2)
  8 orcs
  12 endoplasms
  4 giant cockroaches
  5 goblins
  10 hobgoblins
  7 jackals
  2 quokkas
  7 ball pythons
  4 bats
  3 frilled lizards
  11 kobolds
  5 rats
88 creatures vanquished.

Vanquished Creatures (others)
  A fungus (D:2)
1 creature vanquished.

Grand Total: 89 creatures vanquished

Table legend:
 A = Non-vault XP
 B = Vault XP
 C = Vault XP percentage of total XP
 D = Non-vault monster count
 E = Vault monster count
 F = Vault count percentage of total count
                 A         B        C        D         E       F
            +---------+---------+-------+---------+---------+-------
      Total |     236 |      36 |  13.2 |      87 |       1 |   1.1
            +---------+---------+-------+---------+---------+-------
        D:1 |      52 |       0 |   0.0 |      32 |       0 |   0.0
        D:2 |      80 |      36 |  31.0 |      28 |       1 |   3.4
        D:3 |     104 |       0 |   0.0 |      27 |       0 |   0.0
            +---------+---------+-------+---------+---------+-------

Illustrated notes

Table legend:
 A = Kills in this place as a percentage of kills in entire the game.
 B = Kills by you in this place as a percentage of kills by you in the entire game.
 C = Kills by friends in this place as a percentage of kills by friends in the entire game.
 D = Other kills in this place as a percentage of other kills in the entire game.
 E = Experience gained in this place as a percentage of experience gained in the entire game.
 F = Experience gained in this place divided by the number of levels of this place that you have seen.
                   A       B       C       D       E      F
               +-------+-------+-------+-------+-------+----------------------
         Total | 100.0 | 100.0 |   N/A |   N/A | 100.0 |  90.7
       Dungeon | 100.0 | 100.0 |   N/A |   N/A | 100.0 |  90.7
               +-------+-------+-------+-------+-------+----------------------

Table legend: (Time is in decaauts)
 A = Elapsed time spent in this place.
 B = Non-inter-level travel time spent in this place.
 C = Inter-level travel time spent in this place.
 D = Time resting spent in this place.
 E = Time spent auto-exploring this place.
 F = Levels seen in this place.
 G = Mean time per level.
                   A        B        C        D        E       F      G
               +--------+--------+--------+--------+--------+-----+--------+
         Total |   2426 |   2370 |     56 |    180 |   1220 |   3 |  808.7 |
       Dungeon |   2426 |   2370 |     56 |    180 |   1220 |   3 |  808.7 |
               +--------+--------+--------+--------+--------+-----+--------+

Top non-repeatable levels by time:
     D:1: 927 daAuts
     D:2: 922 daAuts
     D:3: 576 daAuts
